 Dungeon Crawl Stone Soup version 0.30-a0-465-g8901f6c8b5 (webtiles) character file.

Game seed: 17409462723194563177

11 purpskrrrp the Trooper (level 2, 0/24 HPs)
             Began as a Demonspawn Monk on Dec 17, 2022.
             Slain by a hobgoblin (1 damage)
             ... on level 1 of the Dungeon.
             The game lasted 00:00:34 (375 turns).

purpskrrrp the Trooper (Demonspawn Monk)             Turns: 375, Time: 00:00:34

Health: 0/24       AC:  2    Str: 11    XL:     2   Next: 17%
Magic:  2/2        EV: 15    Int: 11    God:
Gold:   53         SH:  0    Dex: 15    Spells: 1/1 levels left

rFire   . . .      SeeInvis .    a - +0 falchion
rCold   + . .      Faith    .    (no shield)
rNeg    . . .      Spirit   .    b - +0 robe
rPois   .          Reflect  .    (no helmet)
rElec   .          Harm     .    (no cloak)
rCorr   .          Rampage  .    (no gloves)
Will    .....                    (no boots)
Stlth   ++........               (no amulet)
HPRegen 0.24/turn                d - ring of protection from cold
MPRegen 0.08/turn                (no ring)

@: no status effects
A: repulsion field 1
a: no special abilities


You were on level 1 of the Dungeon.
You visited 1 branch of the dungeon, and saw 1 of its levels.

You collected 53 gold pieces.

Inventory:

Hand Weapons
 a - a +0 falchion (weapon)
Armour
 b - a +0 robe (worn)
Jewellery
 d - a ring of protection from cold (left hand)
Scrolls
 f - a scroll of identify {unknown}
 g - a scroll of amnesia {unknown}
 h - a scroll of summoning {unknown}
 i - a scroll of teleportation {unknown}
Potions
 c - a potion of ambrosia
 e - 2 potions of curing {unknown}
 j - a potion of brilliance {unknown}


   Skills:
 + Level 3.1 Fighting
 + Level 2.8 Long Blades
 + Level 2.8 Dodging
 + Level 2.1 Stealth


You had one spell level left.
You didn't know any spells.
Your spell library was empty.

Dungeon Overview and Level Annotations

Branches:
Dungeon (1/15)

Altars:


Innate Abilities, Weirdness & Mutations

You are surrounded by a mild repulsion field. (EV +2)


Message History

You see here a +0 ring mail.
The frilled lizard closely misses you.
The kobold throws a stone.
The stone barely misses you.
The ball python hisses angrily.
You hit the frilled lizard.
You kill the frilled lizard!
A bat comes into view.
The bat moves out of view.
Found 6 stones.
You hit the hobgoblin but do no damage. The hobgoblin hits you.
The ball python closely misses you. The ball python grabs you.
The ball python constricts you.
You barely miss the ball python. The hobgoblin hits you.
The ball python bites you. The ball python constricts you.
You barely miss the ball python. You punch the ball python.
The ball python is severely wounded.
The bat barely misses you. The bat hits you. The hobgoblin hits you.
The ball python closely misses you. The ball python constricts you.
The hobgoblin misses you. The kobold barely misses you.
You hit the ball python.
You kill the ball python!
The bat hits you but does no damage. The hobgoblin hits you.
The kobold hits you but does no damage.
You closely miss the bat. The bat hits you but does no damage.
The hobgoblin barely misses you. The kobold misses you.
The bat closely misses you.
You miss the bat. The bat hits you. The bat completely misses you.
The hobgoblin closely misses you. The kobold misses you.
You closely miss the hobgoblin. The bat hits you but does no damage. x2
The hobgoblin completely misses you.
The kobold hits you with a +0 whip of electrocution.
You hit the bat but do no damage. The bat closely misses you.
The hobgoblin misses you.
The kobold hits you with a +0 whip of electrocution.
You are electrocuted!
* * * LOW HITPOINT WARNING * * *
The kobold hits you with a +0 whip of electrocution.
* * * LOW HITPOINT WARNING * * *
The hobgoblin hits you.
You die...

.########......#
...#...........#
...##.###......# #.###.#
#......#
......###......#########
...............#........
...........#####........
#≈≈≈≈≈≈≈##>...[.........
≈≈≈≈≈≈≈≈≈#...b..@g......
≈≈≈≈≈≈≈≈≈#.......K......
≈≈...~≈≈≈#.#####........
≈...≈≈~≈≈#.# #........
.........#.# #..♣.♣♣♣.
≈...<....#.# #....♣
≈........(.# #...P.
#..........# #(.♣P..
.....####..#####


You could see a hobgoblin, a bat and a kobold.

Vanquished Creatures
  A bat (D:1)
  A giant cockroach (D:1)
  A goblin (D:1)
  2 quokkas (D:1)
  2 ball pythons (D:1)
  A frilled lizard (D:1)
  A kobold (D:1)
  3 rats (D:1)
12 creatures vanquished.

Notes
Turn   | Place    | Note
-------+----------+-------------------------------------------
     0 | D:1      | purpskrrrp the Demonspawn Monk began the quest for the Orb.
     0 | D:1      | Reached XP level 1. HP: 18/18 MP: 1/1
   258 | D:1      | Gained mutation: You are surrounded by a mild repulsion
                  | field. (EV +2) [demonic ancestry]
   258 | D:1      | Reached XP level 2. HP: 24/24 MP: 2/2
   311 | D:1      | Found a faded altar of an unknown god.
   375 | D:1      | HP: 1/24 [kobold/+0 whip of electrocution (3)]
   375 | D:1      | Slain by a hobgoblin

Illustrated notes

Levels and vault maps discovered:
D:1:      dpeg_arrival_pond, layout_basic, ebering_ecumenical_altar_hall,
          serial_forest, infiniplex_forest_split,
          infiniplex_forest_clump_curved, infiniplex_forest_clump_large,
          infiniplex_forest_lined_3_way, infiniplex_forest_clump_small,
          infiniplex_forest_diagonal, infiniplex_forest_corner_1,
          infiniplex_forest_corner_2, infiniplex_forest_straight_4

Skill      XL: |  1 |
---------------+----+-----
Stealth        | 2 |  2.1
Fighting       | |  3.1
Long Blades    | |  2.8
Dodging        | |  2.8

Action                   || total
-------------------------++-------
Melee: Falchion          ||    37
       Punch             ||     2
Armor: Robe              ||     8
Dodge: Dodged            ||    34

Table legend: (Time is in decaauts)
 A = Elapsed time spent in this place.
 B = Non-inter-level travel time spent in this place.
 C = Inter-level travel time spent in this place.
 D = Time resting spent in this place.
 E = Time spent auto-exploring this place.
 F = Levels seen in this place.
 G = Mean time per level.
                   A        B        C        D        E       F      G
               +--------+--------+--------+--------+--------+-----+--------+
         Total |    380 |    380 |      0 |      0 |    283 |   1 |  380.0 |
       Dungeon |    380 |    380 |      0 |      0 |    283 |   1 |  380.0 |
               +--------+--------+--------+--------+--------+-----+--------+

Top non-repeatable levels by time:
     D:1: 380 daAuts
